Map: Pride of Altaris LE

Players

TrocaderO - Winner!

  • Race: Zerg Zerg
  • Spawn Location: 11:00

Spectre

  • Race: Terran Terran
  • League: Diamond
  • Spawn Location: 5:00

VOD

Have the link to the VOD?

Description

Time

  • Played on: July 2, 2022, 11:42 a.m.
  • Length: 9:13
Show
View Real Time Build Order
Export as new Build Order

TrocaderO Zerg - Winner!

Build Orders: Hatch First 

Get SALT Encoding   

  12  0:00  Drone  
  13  0:12  Overlord  
  13  0:17  Drone  
  14  0:30  Drone x2  
  14  0:33  Drone  
  17  0:51  Hatchery  
  17  0:54  Drone  
  17  0:57  Drone  
  18  1:08  Extractor  
  17  1:12  Spawning Pool  
  17  1:15  Drone  
  17  1:18  Drone  
  18  1:27  Drone  
  19  1:37  Overlord  
  19  1:48  Drone  
  20  1:59  Drone  
  20  2:00  Queen  
  23  2:04  Queen  
  23  2:05  Zergling x2  
  23  2:06  Spine Crawler  
  25  2:13  Metabolic Boost  
  25  2:17  Drone  
  25  2:19  Drone  
  25  2:22  Drone  
  27  2:49  Drone x2  
  27  2:50  Drone x3  
  32  3:00  Overlord  
  32  3:01  Overlord  
  32  3:06  Hatchery  
  31  3:13  Overlord  
  31  3:18  Queen  
  33  3:21  Drone  
  33  3:22  Drone x3  
  33  3:23  Drone  
  38  3:28  Drone x2  
  38  3:32  Drone  
  38  3:33  Drone x2  
  43  3:37  Drone  
  44  3:42  Baneling Nest  
  44  3:43  Drone  
  44  3:47  Spore Crawler  
  43  3:48  Drone  
  43  3:52  Drone x2  
  46  3:57  Queen  
  46  4:00  Spore Crawler  
  47  4:03  Drone  
  47  4:04  Extractor, Drone  
  47  4:05  Extractor, Drone  
  48  4:11  Zergling x8  
  48  4:16  Lair  
  52  4:19  Drone  
  53  4:31  Drone  
  54  4:37  Zergling x8  
  54  4:38  Zergling x2  
  58  4:41  Spore Crawler  
  54  5:02  Zergling x8  
  56  5:07  Queen  
  56  5:10  Overlord x3  
  58  5:27  Overlord  
  58  5:28  Queen  
  58  5:31  Evolution Chamber  
  58  5:32  Overseer  
  58  5:34  Evolution Chamber  
  58  5:36  Drone x7  
  58  5:37  Drone  
  58  5:40  Drone  
  67  5:43  Queen  
  69  5:50  Drone x5  
  74  6:01  Zerg Ground Armor Level 1, Hatchery  
  74  6:03  Zerg Melee Weapons Level 1  
  72  6:04  Hatchery  
  72  6:08  Overseer  
  71  6:12  Zergling x12  
  71  6:14  Drone  
  71  6:16  Baneling x2  
  78  6:25  Drone x4  
  81  6:26  Drone x2  
  84  6:34  Zergling x8  
  84  6:37  Baneling  
  84  6:38  Baneling x15  
  88  6:40  Zergling x2  
  89  6:47  Overlord x2  
  89  6:48  Baneling  
  89  6:49  Baneling x4  
  89  6:50  Centrifugal Hooks  
  89  7:03  Extractor  
  89  7:04  Extractor, Overlord  
  89  7:05  Overlord  
  89  7:07  Zergling x2  
  89  7:08  Zergling x16  
  96  7:11  Zergling x4  
  96  7:12  Overlord  
  98  7:17  Drone x4  
  98  7:19  Drone x3  
  96  7:34  Zergling x2  
  96  7:35  Zergling x12  
  91  7:41  Spire  
  91  7:44  Drone x4  
  93  7:45  Drone x7  
  99  7:51  Zergling x6  
  99  7:52  Zergling x4  
  101  7:59  Baneling x4  
  101  8:00  Baneling x8  
  101  8:01  Baneling x2  
  101  8:04  Extractor, Drone x3  
  103  8:05  Extractor  
  103  8:09  Extractor  
  101  8:21  Zergling x2  
  101  8:22  Zergling x16  
  101  8:23  Zergling x2  
  111  8:29  Drone x5  
  111  8:33  Overlord x2  
  111  8:34  Overlord  
  116  8:39  Zergling x2  
  116  8:40  Zergling x10  
  123  8:41  Zergling x2  
  123  8:44  Overlord  
  123  8:51  Infestation Pit  
  124  8:56  Zergling x2  
Show
View Real Time Build Order
Export as new Build Order

Spectre Terran 

Build Orders: Reaper Expand 

Get SALT Encoding   

  12  0:01  SCV  
  13  0:13  SCV  
  14  0:17  Supply Depot  
  14  0:25  SCV  
  15  0:39  SCV, Barracks  
  16  0:43  Refinery  
  16  0:51  SCV  
  17  1:03  SCV  
  18  1:15  SCV  
  19  1:29  Reaper, Orbital Command  
  20  1:45  Command Center  
  20  1:55  SCV  
  20  2:00  Supply Depot  
  21  2:07  Marine, Factory  
  22  2:08  SCV  
  23  2:22  SCV  
  24  2:44  SCV  
  25  2:50  Barracks Reactor  
  25  2:52  Widow Mine  
  25  2:56  SCV  
  25  2:57  Refinery  
  25  2:58  Orbital Command  
  28  3:02  Supply Depot  
  28  3:08  SCV  
  28  3:11  Starport  
  29  3:20  SCV  
  29  3:24  SCV  
  31  3:32  SCV  
  32  3:36  SCV  
  32  3:37  Barracks Tech Lab  
  32  3:38  Hellion x2  
  37  3:44  SCV  
  37  3:47  Supply Depot  
  37  3:48  Viking  
  40  3:49  SCV  
  41  3:56  SCV  
  41  3:57  Marine, Stimpack  
  41  4:02  SCV  
  44  4:06  Hellion x2  
  48  4:16  Barracks  
  48  4:17  SCV  
  48  4:19  SCV, Barracks  
  48  4:21  Marine  
  51  4:29  Hellion x2  
  55  4:51  Hellion  
  56  5:01  Starport Reactor  
  54  5:14  Marine  
  55  5:22  Armory  
  55  5:26  Marine x2  
  57  5:29  SCV x2  
  57  5:32  Marine, Refinery  
  57  5:34  Refinery, Supply Depot x2  
  60  5:41  SCV x2  
  60  5:42  Factory Tech Lab  
  62  5:43  Engineering Bay x2  
  62  5:51  Marine x3, Supply Depot  
  62  5:52  Supply Depot  
  62  5:53  SCV x2  
  62  5:54  Starport Reactor  
  62  5:55  Combat Shield  
  62  5:56  Marine x2  
  69  5:57  Command Center  
  69  6:06  SCV x2  
  69  6:09  Marine x2  
  69  6:10  Supply Depot  
  73  6:12  Siege Tank  
  76  6:20  Terran Infantry Weapons Level 1  
  76  6:21  Terran Infantry Armor Level 1  
  76  6:33  Medivac x2  
  76  6:35  Marine x4  
  84  7:02  SCV, Missile Turret  
  84  7:03  SCV, Missile Turret, Medivac x2  
  84  7:08  Marine x5  
  91  7:13  Supply Depot  
  91  7:15  SCV x2  
  97  7:16  Orbital Command  
  97  7:18  Terran Vehicle Weapons Level 1  
  62  7:37  Marine x5  
  62  7:38  Siege Tank  
  70  7:45  Supply Depot x2  
  69  7:55  Marine x3  
  72  8:01  Marine x2  
  72  8:03  Orbital Command  
  74  8:08  Liberator x2  
  74  8:11  Siege Tank  
  83  8:12  Marine  
  83  8:13  Marine x2  
  83  8:18  Missile Turret  
  86  8:32  Marine  
  86  8:33  Marine  
  88  8:38  Marine x2, Supply Depot  
  88  8:39  Marine  
  88  8:40  SCV  
  88  8:41  SCV x2  
  94  8:51  Marine x2  
Tags
 
Add a new tag
Caveats
  • Supply blocks, unpowered buildings, or Contaminate may cause inaccurate times.
  • Supply counts are checked every 10 seconds.